 Dungeon Crawl Stone Soup version 0.25-a0-67-g7dccc1bee0 (webtiles) character file.

Game seed: 17452519386778159776, levelgen mode: deterministic

561 iamserjio the Ducker (level 7, -1/46 HPs)
             Began as an Octopode Enchanter on Nov 1, 2019.
             Was a Follower of Okawaru.
             Slain by a centaur (6 damage)
             ... on level 5 of the Dungeon.
             The game lasted 00:08:19 (4923 turns).

iamserjio the Ducker (Octopode Enchanter)           Turns: 4923, Time: 00:08:20

Health: -1/46      AC:  1    Str:  9    XL:     7   Next: 31%
Magic:  19/19      EV: 15    Int: 18    God:    Okawaru [*.....]
Gold:   178        SH:  0    Dex: 12    Spells: 0/10 levels left

rFire    + . .     SeeInvis .   u - +2 short sword (venom)
rCold    . . .     Gourm    .   (no shield)
rNeg     . . .     Faith    .   (helmet restricted)
rPois    .         Spirit   .   (no amulet)
rElec    .         Reflect  .   r - ring of protection from fire
rCorr    .         Harm     .   j - ring of magical power
MR       .....                  (no ring)
Stlth    +++.......             (no ring)
HPRegen  0.15/turn              (no ring)
MPRegen  0.16/turn              (no ring)
                                (no ring)
                                (no ring)

@: no status effects
A: almost no armour, stealthy swim, amphibious, 8 rings, constrict 8, camouflage
1, gelatinous body 1
a: Heroism, Renounce Religion


You were on level 5 of the Dungeon.
You worshipped Okawaru.
Okawaru was aware of your devotion.
You were near starving.

You visited 1 branch of the dungeon, and saw 5 of its levels.

You collected 178 gold pieces.

Inventory:

Hand Weapons
 a - a +1 dagger
 h - a +4 dagger
 p - a +2 vampiric hand axe
 s - a +0 flail of protection
 u - a +2 short sword of venom (weapon)
Missiles
 b - 21 poisoned darts (quivered)
Jewellery
 j - a ring of magical power (right tentacle)
 r - a ring of protection from fire (left tentacle)
Wands
 d - a wand of scattershot (5)
 t - a wand of disintegration (8)
Scrolls
 f - 6 scrolls of remove curse {@r2}
 g - a scroll of blinking {unknown}
 i - 7 scrolls of identify {unknown}
 k - 3 scrolls of immolation {unknown}
 q - a scroll of random uselessness {unknown}
 v - a scroll of amnesia {unknown}
Potions
 e - 2 potions of degeneration {unknown}
 l - 3 potions of curing {unknown}
 m - a potion of mutation {unknown}
 n - a potion of brilliance {unknown}
 o - 3 potions of flight {unknown}
Comestibles
 c - 3 rations


   Skills:
 + Level 3.6 Fighting
 - Level 2.0 Short Blades
 * Level 5.4 Dodging
 - Level 4.0 Stealth
 - Level 2.0 Spellcasting
 + Level 4.3 Hexes
 + Level 0.6 Necromancy
 + Level 0.6 Invocations


You couldn't memorise any spells.
You knew the following spells:

 Your Spells              Type           Power        Failure   Level  Hunger
a - Corona                Hex            ###....      3%          1    #......
b - Confuse               Hex            ###.....     9%          3    ###....
c - Tukima's Dance        Hex            ###.....     9%          3    ###....
d - Confusing Touch       Hex            ###...       3%          1    #......
e - Animate Skeleton      Necr           N/A          14%         1    #......
f - Apportation           Tloc           #.....       19%         1    #......

Your spell library contained the following spells:

 Spells                   Type           Power        Failure   Level  Hunger
 Ensorcelled Hibernation  Hex/Ice        #.....       11%         2    ###....
 Summon Small Mammal      Summ           #...         19%         1    #......
 Dazzling Spray           Conj/Hex       #.....       22%         3    ###....


Dungeon Overview and Level Annotations

Branches:
Dungeon (5/15)             Temple (0/1) D:5

Altars:
Gozag
Okawaru
Xom


Innate Abilities, Weirdness & Mutations

You cannot wear most types of armour.
You are very stealthy in the water. (Stealth+)
You are amphibious.
You can wear up to eight rings at the same time.
You can use your tentacles to constrict eight enemies at once.
Your skin changes colour to match your surroundings (Stealth+).
Your rubbery body absorbs attacks. (AC +1, EV +1)


Message History

The centaur unwields a +0 shortbow.
The centaur barely misses you.
You completely miss the centaur. The centaur misses you. The centaur hits you!
You hit the centaur. You squeeze the centaur. The centaur hits you.
You hit the centaur.
The centaur is poisoned.
The centaur closely misses you. The centaur misses you.
You hit the centaur but do no damage. Your squeeze misses the centaur.
The centaur hits you.
You barely miss the centaur. The centaur hits you!
The centaur barely misses you.
You are too injured to fight recklessly!
You are too injured to fight recklessly!
Unknown command.
You completely miss the centaur. The centaur hits you!
You hit the centaur.
The centaur looks as sick as possible!
Your squeeze misses the centaur. The centaur misses you. The centaur hits you.
You closely miss the centaur. The centaur hits you!
* * * LOW HITPOINT WARNING * * *
You barely miss the centaur. Your squeeze misses the centaur.
The centaur closely misses you. The centaur hits you.
You die...

......#####.............
......................#.
........(((........####.
#.................. #.
#..........####..## ##.
#........## ### #..
#.........# #..
##........# #..
##...@..## ##.. ##.#
#..c..## #.... #..#
##..#.# #.... ##..#
#...## ......#..## ##.
......#..# #. ......#..#
.. ........## ..
........# ........##


You could see a centaur.

Vanquished Creatures
  A phantom (D:5)
  An ogre (D:4)
  A howler monkey (D:4)
  A hound (D:4)
  Ijyb (D:4)
  Terence (D:3)
  3 worker ants (D:4)
  2 orc wizards
  3 gnolls (D:4)
  5 adders
  2 adder skeletons (D:4)
  2 worms
  A dart slug (D:4)
  2 leopard geckos
  7 orcs
  2 giant cockroaches
  10 goblins
  5 hobgoblins
  6 jackals
  6 kobolds
  A quokka (D:2)
  2 ball pythons
  7 bats
  7 frilled lizards
  A quokka skeleton (D:4)
  6 rats
86 creatures vanquished.

Vanquished Creatures (others)
  2 dancing weapons (D:4)
2 creatures vanquished.

Grand Total: 88 creatures vanquished

Notes
Turn   | Place    | Note
-------+----------+-------------------------------------------
     0 | D:1      | iamserjio the Octopode Enchanter began the quest for the
                  | Orb.
     0 | D:1      | Reached XP level 1. HP: 11/11 MP: 3/3
     6 | D:1      | Noticed a stone giant
     6 | D:1      | Noticed a worker ant
     6 | D:1      | Noticed a basilisk
   235 | D:1      | Reached skill level 1 in Fighting
   235 | D:1      | Reached XP level 2. HP: 18/18 MP: 5/5
   875 | D:2      | Reached XP level 3. HP: 23/23 MP: 6/6
   880 | D:2      | Learned a level 3 spell: Confuse
   941 | D:2      | Reached skill level 3 in Dodging
  1340 | D:2      | Reached XP level 4. HP: 29/29 MP: 7/7
  1469 | D:2      | Found a shimmering altar of Xom.
  1975 | D:3      | Found an opulent altar of Gozag.
  1976 | D:3      | Found an iron altar of Okawaru.
  1976 | D:3      | Noticed an ice beast
  1988 | D:3      | Learned a level 3 spell: Tukima's Dance
  2455 | D:3      | Noticed Terence
  2463 | D:3      | Killed Terence
  2506 | D:3      | Became a worshipper of Warmaster Okawaru
  2562 | D:3      | Reached XP level 5. HP: 26/35 MP: 8/8
  2735 | D:3      | Learned a level 1 spell: Confusing Touch
  3181 | D:4      | Reached skill level 4 in Dodging
  3200 | D:4      | Reached XP level 6. HP: 21/41 MP: 9/9
  3775 | D:4      | Noticed Ijyb
  3792 | D:4      | Killed Ijyb
  4201 | D:4      | Reached * piety under Okawaru
  4201 | D:4      | Reached skill level 5 in Dodging
  4201 | D:4      | Reached XP level 7. HP: 28/46 MP: 10/10
  4339 | D:4      | Learned a level 1 spell: Animate Skeleton
  4341 | D:4      | Learned a level 1 spell: Apportation
  4437 | D:5      | Entered Level 5 of the Dungeon
  4581 | D:5      | Found a staircase to the Ecumenical Temple.
  4923 | D:5      | Slain by a centaur

Levels and vault maps discovered:
D:1:      onia_arrival_zoo_common, layout_basic
D:2:      layout_basic, xom_teletrap_fun
D:3:      layout_basic, grunt_temple_overflow_open, first_ration, serial_forest,
          infiniplex_forest_clump_diagonal, infiniplex_forest_clump_long,
          infiniplex_forest_join, infiniplex_forest_zigzag_1,
          infiniplex_forest_straight_4, infiniplex_forest_diagonal,
          kennysheep_generic_room_4, uniq_terence
D:4:      layout_basic, uniq_ijyb
D:5:      layout_cave_pods, temple_pool_b

Skill      XL: |  1  2  3  4  5  6 |
---------------+-------------------+-----
Fighting       | 1 2 3 |  3.6
Dodging        | 3 4 5 |  5.4
Short Blades   | 2 |  2.0
Hexes          | 4 |  4.3
Stealth        | |  4.0
Spellcasting   | |  2.0
Necromancy     | |  0.6
Invocations    | |  0.6

Action                   |  1- 3 |  4- 6 |  7- 9 || total
-------------------------+-------+-------+-------++-------
Melee: Dagger            |    58 |   105 |       ||   163
       Tentacles         |    10 |    13 |     5 ||    28
       Constrict         |    18 |    26 |     2 ||    46
       Short sword       |       |     4 |    32 ||    36
Throw: Dart              |       |     1 |       ||     1
 Cast: Confuse           |       |    10 |     5 ||    15
       Tukima's Dance    |       |     8 |       ||     8
Invok: Heroism           |       |       |     1 ||     1
  Use: Scroll            |       |     1 |       ||     1
 Stab: Sleeping          |    11 |     8 |       ||    19
       Distracted        |     1 |       |       ||     1
       Confused          |       |     2 |     2 ||     4
  Eat: Chunk             |     1 |     8 |     1 ||    10
       Ration            |       |     1 |       ||     1
Armor: Skin              |     2 |     4 |       ||     6
Dodge: Dodged            |    28 |    60 |    20 ||   108

Table legend:
 A = Non-vault XP
 B = Vault XP
 C = Vault XP percentage of total XP
 D = Non-vault monster count
 E = Vault monster count
 F = Vault count percentage of total count
                 A         B        C        D         E       F
            +---------+---------+-------+---------+---------+-------
      Total |     728 |      74 |   9.2 |      83 |       3 |   3.5
            +---------+---------+-------+---------+---------+-------
        D:1 |      32 |       0 |   0.0 |      20 |       0 |   0.0
        D:2 |      61 |       0 |   0.0 |      22 |       0 |   0.0
        D:3 |      76 |      38 |  33.3 |      16 |       2 |  11.1
        D:4 |     415 |      36 |   8.0 |      23 |       1 |   4.2
        D:5 |     144 |       0 |   0.0 |       2 |       0 |   0.0
            +---------+---------+-------+---------+---------+-------
